 Dungeon Crawl Stone Soup version 0.28-a0-21-gf74fda84f9 (webtiles) character file.

Game seed: 16621833218342311422

2060 hatdisgam the Summoner (level 9, -4/66 HPs)
             Began as a Merfolk Summoner on July 26, 2021.
             Was an Initiate of Cheibriados.
             Slain by a cyan ugly thing (13 damage)
             ... on level 7 of the Dungeon.
             The game lasted 00:20:15 (10606 turns).

hatdisgam the Summoner (Merfolk Summoner)          Turns: 10606, Time: 00:20:15

Health: -4/66      AC:  8    Str:  9    XL:     9   Next: 25%
Magic:  2/14       EV: 14    Int: 18    God:    Cheibriados [......]
Gold:   57         SH:  0    Dex: 16    Spells: 5/15 levels left

rFire   . . .      SeeInvis .   D - +1 trident (vorpal)
rCold   . . .      Faith    .   (no shield)
rNeg    . . .      Spirit   .   a - +0 robe
rPois   .          Reflect  .   w - +0 helmet
rElec   .          Harm     .   q - +0 cloak
rCorr   .          Rampage  .   (no gloves)
Will    .....                   (no boots)
Stlth   ++........              (no amulet)
HPRegen 0.21/turn               h - +4 ring of protection
MPRegen 0.14/turn               (no ring)

@: very slow
A: (nimble swimmer 2), mertail
a: Renounce Religion, Bend Time


You were on level 7 of the Dungeon.
You worshipped Cheibriados.
Cheibriados was noncommittal.
You visited 2 branches of the dungeon, and saw 8 of its levels.

You collected 318 gold pieces.
You spent 261 gold pieces at shops.

Inventory:

Hand Weapons
 e - a +0 dagger
 k - a +1 short sword of venom
 r - a +0 spear
 D - a +1 vorpal trident (weapon)
Armour
 a - a +0 robe (worn)
 q - a +0 cloak (worn)
 s - a +0 kite shield
 w - a +0 helmet (worn)
Jewellery
 h - a +4 ring of protection (left hand)
Wands
 o - a wand of flame (35)
 A - a wand of digging (7)
 B - a wand of polymorph (4)
Scrolls
 u - a scroll of silence {unknown}
 y - a scroll of blinking {unknown}
 C - a scroll of immolation {unknown}
Potions
 b - 3 potions of mutation
 c - 2 potions of might
 d - 5 potions of curing
 j - 3 potions of haste
 m - 2 potions of brilliance
 n - a potion of lignification
 v - 3 potions of flight
 x - a potion of berserk rage {unknown}
 z - a potion of attraction {unknown}


   Skills:
 - Level 4.7 Fighting
 * Level 2.0 Polearms
 + Level 5.0 Dodging
 - Level 2.1 Stealth
 - Level 3.8 Spellcasting
 + Level 9.5 Summonings
 - Level 3.2 Air Magic


You had 5 spell levels left.
You knew the following spells:

 Your Spells              Type           Power      Damage    Failure   Level
a - Summon Small Mammal   Summ           100%       N/A       1%          1
b - Call Imp              Summ           38%        N/A       1%          2
c - Call Canine Familiar  Summ           38%        N/A       1%          3
d - Summon Lightning Spi  Summ/Air       26%        N/A       11%         4

Your spell library contained the following spells:

 Spells                   Type           Power      Damage    Failure   Level
 Summon Guardian Golem    Hex/Summ       20%        N/A       6%          3
 Foxfire                  Conj/Fire      12%        2x1d4     16%         1
 Magic Dart               Conj           12%        1d3       16%         1
 Searing Ray              Conj           6%         3d3       22%         2
 Conjure Flame            Conj/Fire      3%         6-21      41%         3
 Inner Flame              Hex/Fire       3%         N/A       41%         3
 Cause Fear               Hex            1%         N/A       83%         4
 Fulminant Prism          Conj/Hex       1%         3d6       83%         4
 Dragon Form              Tmut           1%         N/A       100%        7
 Dragon's Call            Summ           19%        N/A       100%        9


Dungeon Overview and Level Annotations

Branches:
Dungeon (7/15)             Temple (1/1) D:6

Altars:
Ashenzari
Cheibriados
Dithmenos
Fedhas
Gozag
Hepliaklqana
Kikubaaqudgha
Nemelex Xobeh
Qazlal
Ru
Sif Muna
Trog
Vehumet
Xom

Shops:
D:2 *   D:5 *

Annotations:
D:6 1 runed translucent door, exclusion: oklob plant, Nausicaa's ghost, weakling TrDe


Innate Abilities, Weirdness & Mutations

((You are quick and stealthy near water. (Stealth+, EV+, Speed+++)))
Your lower body shifts to a powerful aquatic tail in water.


Message History

An electric hum fills the air.
The two-headed ogre closely misses you. The two-headed ogre barely misses you.
Unknown command.
Unknown command.
Your lightning spire shoots out a bolt of lightning at the two-headed ogre!
The bolt of electricity hits the two-headed ogre!
The two-headed ogre hits your lightning spire with a +0 giant club.
The two-headed ogre hits your lightning spire with a +0 dire flail!
Your lightning spire is destroyed!
The two-headed ogre shouts in stereo!
Unknown command.
Okay, then.
It was a potion of heal wounds.
You feel much better.
As you read the scroll labelled YNTUX GANKEUQ, it crumbles to dust.
You feel aware of your surroundings.
You sensed 4 altars.
It was a scroll of magic mapping.
Something hits you!
Deactivating autopickup; reactivate with Ctrl-A.
The two-headed ogre hits you with a +0 giant club!
* * * LOW HITPOINT WARNING * * *
The two-headed ogre misses you.
This is a scroll of acquirement!
You see here the Volume of Enchanting Creation.
Something appears at your feet! Something barely misses you.
The two-headed ogre hits you with a +0 giant club.
* * * LOW HITPOINT WARNING * * *
The two-headed ogre barely misses you. The cyan ugly thing barely misses you.
As you read the scroll labelled DAEDOI WUSUU, it crumbles to dust.
It is a scroll of enchant weapon.
Your +0 trident glows red for a moment.
Something hits you but does no damage. The cyan ugly thing barely misses you.
Unknown command.
As you read the scroll labelled IPHUMETYNO, it crumbles to dust.
It is a scroll of brand weapon.
Your +1 trident emits a brilliant flash of light!
D - a +1 vorpal trident (weapon)
The two-headed ogre closely misses you. The two-headed ogre misses you.
The cyan ugly thing headbutts you.
* * * LOW HITPOINT WARNING * * *
The cyan ugly thing shocks you!
You die...

***,**.,*,#..##....#,....*
*,***,,****#..##...#.....*
*,,*,,***,**#..#.###.....*
,,.#,***,,,*##.#.........*
,,..#,*,,*,,#.#Z.........*
,,,#.#**,,,*##.#.........*
,,,#.Z#,*,*##.8#Zs.......*
,,*,#u{#####uZ##Ou.......*******
,,*,#FDs#.#..##.@........,,,,,,*
**,,,*#l.#{.##...........,,,,,,*
,,,,,,,*#†###............,,,,,,*
**,,,*#..##*##......####*,,,,,,*
,,*,#....,,,,##.....#,,,*,,,,,,*
*,*,#####****,##....#,,,*,,,,,,*
*,,**,,,,,,,,**#....#,,,*,,,,,,*
*,**,**********#....+,,,*,,,,,,*
,,,,*,,,,,,,,,*,,,,,*,,,*,,,,,,*


You could see a cyan ugly thing, a two-headed ogre, a scorpion, a water moccasin
skeleton and a bullfrog skeleton.

Vanquished Creatures
  Pikel (D:6)
  An ice beast (D:6)
  3 ogres
  A lemure (D:5)
  A gnoll sergeant (D:3)
  A water moccasin skeleton (D:6)
  A howler monkey (D:4)
  A bullfrog zombie (D:6)
  2 centaur zombies (D:6)
  3 jellies (D:6)
  2 bullfrog skeletons
  2 orc priests
  An iguana (D:4)
  An orc wizard (D:6)
  A hound skeleton (D:5)
  A howler monkey zombie (D:6)
  7 gnolls
  7 adders
  An ufetubus (D:5)
  4 worms
  7 dart slugs
  2 orcs
  9 endoplasms
  2 giant cockroaches
  A goblin (D:3)
  2 hobgoblins
  3 jackals
  3 quokkas
  8 ball pythons
  2 bats (D:2)
  6 frilled lizards
  5 kobolds
  5 rats
97 creatures vanquished.

Vanquished Creatures (collateral kills)
  A water moccasin (D:5)
  2 ogres
  3 necrophages
  3 lemures (D:6)
  2 phantoms
  A bullfrog (D:6)
  A wyvern zombie (D:4)
  4 jellies
  Crazy Yiuf (D:2)
  4 orc priests (D:6)
  A bullfrog skeleton (D:5)
  A hound (D:6)
  Terence (D:2)
  An iguana (D:7)
  An orc wizard (D:3)
  A gnoll (D:4)
  A dart slug (D:1)
  4 orcs
  6 endoplasms
  A giant cockroach (D:1)
  A goblin (D:1)
  2 hobgoblins
  4 jackals
  A kobold (D:1)
  A quokka (D:1)
  A ball python (D:1)
50 creatures vanquished.

Vanquished Creatures (others)
  10 fungi (D:6)
10 creatures vanquished.

Grand Total: 157 creatures vanquished

Notes
Turn   | Place    | Note
-------+----------+-------------------------------------------
     0 | D:1      | hatdisgam the Merfolk Summoner began the quest for the Orb.
     0 | D:1      | Reached XP level 1. HP: 13/13 MP: 3/3
     6 | D:1      | Noticed an imperial myrmidon
     6 | D:1      | Noticed a tyrant leech
     6 | D:1      | Noticed a basilisk
     7 | D:1      | Noticed an ettin
   604 | D:1      | Reached XP level 2. HP: 10/19 MP: 0/5
  1202 | D:1      | Learned a level 2 spell: Call Imp
  1638 | D:1      | Found a faded altar of an unknown god.
  1842 | D:2      | Reached XP level 3. HP: 24/24 MP: 6/6
  1846 | D:2      | Learned a level 3 spell: Call Canine Familiar
  1873 | D:2      | Noticed Terence
  1892 | D:2      | Killed Terence
  2449 | D:2      | Found a runed translucent door.
  2450 | D:2      | Noticed Crazy Yiuf
  2522 | D:2      | Found a hazy altar of Hepliaklqana.
  2591 | D:2      | Found Cuciul's Assorted Antiques.
  2628 | D:2      | Reached skill level 5 in Summonings
  2628 | D:2      | Reached XP level 4. HP: 17/30 MP: 4/8
  2840 | D:2      | Killed Crazy Yiuf
  2952 | D:3      | Found a shadowy altar of Dithmenos.
  2952 | D:3      | Found an ancient bone altar of Kikubaaqudgha.
  3351 | D:3      | Found a radiant altar of Vehumet.
  3559 | D:3      | Reached skill level 1 in Fighting
  3559 | D:3      | Reached XP level 5. HP: 24/37 MP: 3/9
  4075 | D:4      | Noticed a necrophage
  4085 | D:4      | Killed a necrophage
  4086 | D:4      | Reached skill level 6 in Summonings
  4229 | D:4      | Found a shimmering altar of Xom.
  4263 | D:4      | Reached XP level 6. HP: 36/44 MP: 2/10
  4722 | D:3      | Learned a level 4 spell: Summon Lightning Spire
  5417 | D:4      | HP: 2/46 [ogre (14)]
  5420 | D:4      | Reached XP level 7. HP: 2/52 MP: 9/12
  5431 | D:4      | Reached skill level 7 in Summonings
  6027 | D:5      | Entered Level 5 of the Dungeon
  6499 | D:5      | Reached skill level 1 in Air Magic
  7201 | D:5      | Found Zausim's Serpentskin Sales.
  7267 | D:5      | Reached XP level 8. HP: 46/60 MP: 4/13
  7738 | D:6      | Reached skill level 8 in Summonings
  8049 | D:6      | Noticed Nausicaa's ghost (weakling TrDe)
  8052 | D:6      | Found a runed translucent door.
  8813 | D:6      | Noticed Pikel
  9058 | D:6      | Killed Pikel
  9059 | D:6      | Reached skill level 9 in Summonings
  9059 | D:6      | Reached XP level 9. HP: 66/66 MP: 12/14
  9198 | D:6      | Found a staircase to the Ecumenical Temple.
  9217 | Temple   | Entered the Ecumenical Temple
  9297 | Temple   | Became a worshipper of Cheibriados the Contemplative
  9607 | D:2      | Bought a shimmering scale mail for 261 gold pieces
  9607 | D:2      | Identified the +6 scale mail "Zaleij" {Rampage Dex+3} (You
                  | bought it in a shop on level 2 of the Dungeon)
  9711 | D:6      | Noticed an oklob plant
  9833 | D:5      | Reached skill level 1 in Polearms
  9974 | D:5      | Reached skill level 5 in Dodging
 10581 | D:7      | Noticed a two-headed ogre
 10583 | D:7      | Noticed a cyan ugly thing
 10596 | D:7      | HP: 2/66 [two-headed ogre (6)]
 10604 | D:7      | Identified a scroll of acquirement
 10604 | D:7      | Acquired the Volume of Enchanting Creation
 10606 | D:7      | Slain by a cyan ugly thing

Illustrated notes

Levels and vault maps discovered:
D:1:      onia_arrival_zoo_common, layout_loops_ring,
          shapermc_ecumenical_altar_flowoftime
D:2:      layout_loops_ring, serial_shops, nicolae_shop_overgrown_old_shop,
          basic_altar, uniq_terence, uniq_crazy_yiuf_cottage
D:3:      layout_loops_corners, nicolae_overflow_crystal_walls,
          gammafunk_temple_overflow_wave
D:4:      layout_loops_corners, lemuel_tele_altar
D:5:      layout_loops_corners, minmay_door_square, guppyfry_shop_venom
D:6:      lemuel_slime, layout_rooms, minmay_temple_entry_antechambers,
          hellmonk_ghost_happy_afterlife, kennysheep_generic_room_15, uniq_pikel
D:7:      minmay_the_grid_octo_2x2 [minmay_the_grid_octo_vomiting_pacman,
          minmay_the_grid_octo_fat_diamond, minmay_the_grid_octo_toaster,
          minmay_the_grid_octo_prize_square_snowflake], layout_gridville,
          good_gods_mini_temple, minmay_statues_item, uniq_duvessa
Temple:   dshaligram_water_room_temple

Skill      XL: |  1  2  3  4  5  6  7  8  9 |
---------------+----------------------------+-----
Summonings     | 5 6 7 9 |  9.5
Fighting       | 1 3 4 |  4.7
Spellcasting   | 3 |  3.8
Air Magic      | 1 3 |  3.2
Dodging        | 4 5 |  5.0
Polearms       | 2 |  2.0
Stealth        | |  2.1

Action                   |  1- 3 |  4- 6 |  7- 9 || total
-------------------------+-------+-------+-------++-------
Melee: Unarmed           |    24 |       |       ||    24
       Dagger            |    51 |       |       ||    51
       Short sword       |    38 |   161 |   273 ||   472
       Trident           |       |       |    43 ||    43
 Cast: Summon Small Mamm |    21 |       |       ||    21
       Call Imp          |     4 |    10 |     2 ||    16
       Call Canine Famil |     2 |    15 |    14 ||    31
       Summon Lightning  |       |       |    27 ||    27
  Use: Scroll            |       |       |    11 ||    11
       Potion            |       |       |     1 ||     1
 Stab: Sleeping          |     4 |     7 |     4 ||    15
       Distracted        |     1 |       |     3 ||     4
Armor: Robe              |    32 |    52 |   117 ||   201
       Skin              |       |       |    10 ||    10
Dodge: Dodged            |    73 |    99 |   204 ||   376

Table legend: (Time is in decaauts)
 A = Elapsed time spent in this place.
 B = Non-inter-level travel time spent in this place.
 C = Inter-level travel time spent in this place.
 D = Time resting spent in this place.
 E = Time spent auto-exploring this place.
 F = Levels seen in this place.
 G = Mean time per level.
                   A        B        C        D        E       F      G
               +--------+--------+--------+--------+--------+-----+--------+
         Total |  10845 |  10284 |    561 |   1964 |   6494 |   8 | 1355.6 |
       Dungeon |  10739 |  10226 |    513 |   1964 |   6439 |   7 | 1534.1 |
        Temple |    106 |     58 |     48 |      0 |     55 |   1 |  106.0 |
               +--------+--------+--------+--------+--------+-----+--------+

Top non-repeatable levels by time:
     D:6: 2446 daAuts
     D:5: 1983 daAuts
     D:4: 1851 daAuts
     D:1: 1780 daAuts
     D:3: 1367 daAuts
     D:2: 1240 daAuts
  Temple: 106 daAuts
     D:7: 67 daAuts
